 Dungeon Crawl Stone Soup version 0.26.1-10-gdfb7c7de75 (webtiles) character file.

Game seed: 11579008457669721022

58 diana the Skirmisher (level 3, 0/29 HPs)
             Began as a Demonspawn Gladiator on Apr 11, 2021.
             Slain by an adder (1 damage)
             ... on level 2 of the Dungeon.
             The game lasted 00:01:21 (1475 turns).

diana the Skirmisher (Demonspawn Gladiator)         Turns: 1475, Time: 00:01:22

Health: 0/29       AC:  6    Str: 15    XL:     3   Next: 76%
Magic:  3/3        EV: 12    Int:  9    God:
Gold:   56         SH:  0    Dex: 14    Spells: 2/2 levels left

rFire    . . .     SeeInvis .   a - +0 long sword
rCold    . . .     Faith    .   (no shield)
rNeg     . . .     Spirit   .   b - +0 leather armour
rPois    .         Reflect  .   c - +0 helmet
rElec    .         Harm     .   (no cloak)
rCorr    .         Rampage  .   (no gloves)
Will     .....                  (no boots)
Stlth    ++........             (no amulet)
HPRegen  0.09/turn              g - ring of stealth
MPRegen  0.08/turn              (no ring)

@: lethally poisoned (0 -> -11), attractive
A: yellow scales 1
a: no special abilities


You were on level 2 of the Dungeon.
You visited 1 branch of the dungeon, and saw 2 of its levels.

You collected 56 gold pieces.

Inventory:

Hand Weapons
 a - a +0 long sword (weapon)
Missiles
 d - 3 throwing nets (quivered)
Armour
 b - a +0 leather armour (worn)
 c - a +0 helmet (worn)
Jewellery
 g - a ring of stealth (left hand)
Scrolls
 f - a scroll of noise {unknown}
 i - a scroll of remove curse {unknown}
 j - a scroll of amnesia {unknown}
 k - a scroll of magic mapping {unknown}
 l - a scroll of enchant armour {unknown}
Potions
 e - a potion of attraction
 h - a potion of curing {unknown}


   Skills:
 * Level 3.6 Fighting
 + Level 3.3 Long Blades
 - Level 1.7 Throwing
 - Level 2.6 Dodging


You had 2 spell levels left.
You didn't know any spells.
Your spell library was empty.

Dungeon Overview and Level Annotations

Branches:
Dungeon (2/15)

Altars:
Makhleb


Innate Abilities, Weirdness & Mutations

You are partially covered in yellow scales. (AC +2)


Message History

The adder is heavily wounded.
The bat barely misses you. The adder bites you but does no damage.
The adder bites you.
You are more poisoned.
The adder poisons you!
You barely miss the adder.
The adder is heavily wounded.
You feel sick. The bat hits you but does no damage. The adder bites you.
* * * LOW HITPOINT WARNING * * *
You are lethally poisoned!
The adder poisons you! The bat barely misses you.
You riposte.
You barely miss the bat. The adder bites you.
* * * LOW HITPOINT WARNING * * *
It was a potion of attraction.
You feel attractive to monsters.
* * * LOW HITPOINT WARNING * * *
You feel sick. The bat hits you.
* * * LOW HITPOINT WARNING * * *
The adder bites you.
You die...

.._.........#
.#.#.......##
#.........#
##........#####
#............#
...............#
.....#####.....#
..... #.b...#
.....#####.@...#
.....#...#S....#
......P........#
..#....P#+####
#..P≈≈P.P
#..♣≈≈≈..P
#.P≈≈≈♣♣..#
#.P≈♣≈ ♣.#
#..♣≈≈ P.


You could see an adder and a bat.

Vanquished Creatures
  2 adders (D:2)
  2 oozes (D:1)
  A worm (D:2)
  A leopard gecko (D:1)
  2 ball pythons (D:1)
  A giant cockroach (D:1)
  3 goblins (D:1)
  5 hobgoblins
  6 bats (D:1)
  2 frilled lizards (D:1)
  A kobold (D:1)
  6 rats (D:1)
32 creatures vanquished.

Vanquished Creatures (others)
  28 plants
28 creatures vanquished.

Grand Total: 60 creatures vanquished

Notes
Turn   | Place    | Note
-------+----------+-------------------------------------------
     0 | D:1      | diana the Demonspawn Gladiator began the quest for the Orb.
     0 | D:1      | Reached XP level 1. HP: 16/16 MP: 1/1
    30 | D:1      | Gained mutation: You are partially covered in yellow
                  | scales. (AC +2) [demonic ancestry]
    30 | D:1      | Reached XP level 2. HP: 11/23 MP: 2/2
   531 | D:1      | Reached XP level 3. HP: 29/29 MP: 3/3
  1192 | D:2      | Found a burning altar of Makhleb.
  1475 | D:2      | HP: 1/29 [bat (1)]
  1475 | D:2      | Slain by an adder

Illustrated notes

Levels and vault maps discovered:
D:1:      roderic_crop_circles_arrival_small, layout_basic
D:2:      minmay_evil_eye, layout_basic, lemuel_crystal_altar, serial_bayou,
          serial_bayou_crossing, serial_bayou_shore_a, serial_bayou_pond_d,
          serial_bayou_shore_b, serial_bayou_pond_a, hex_large

Skill      XL: |  1  2 |
---------------+-------+-----
Long Blades    | 3 |  3.3
Fighting       | 3 |  3.6
Throwing       | |  1.7
Dodging        | |  2.6

Action                   || total
-------------------------++-------
Melee: Long sword        ||   106
  Use: Potion            ||     1
 Stab: Sleeping          ||     2
Armor: Leather armour    ||    40
Dodge: Dodged            ||    73
       Rpst.: Long sword ||    19
